 Dungeon Crawl Stone Soup version 0.29.0-5-ge4962eb29e (webtiles) character file.

Game seed: 7128068494873434437

16957 snarfax the Grappler (level 12, -5/119 HPs)
             Began as a Troll Fighter on Aug 29, 2022.
             Was a Follower of Yredelemnul.
             Slain by a cane toad (8 damage)
             ... on level 2 of the Lair of Beasts.
             The game lasted 00:35:17 (10868 turns).

snarfax the Grappler (Troll Fighter)               Turns: 10868, Time: 00:35:18

Health: -5/119     AC: 12    Str: 27    XL:     12   Next: 14%
Magic:  11/11      EV: 14    Int:  8    God:    Yredelemnul [*.....]
Gold:   603        SH: 12    Dex: 21    Spells: 11/11 levels left

rFire   . . .      SeeInvis .     - Unarmed
rCold   . . .      Faith    .   b - +0 kite shield
rNeg    . . .      Spirit   .   E - +1 steam dragon scales
rPois   .          Reflect  .   H - +1 hat
rElec   .          Harm     .   c - +2 cloak "Meid" {Int+4 Dex+2}
rCorr   .          Rampage  .   (gloves unavailable)
Will    .....                   (boots unavailable)
Stlth   ++........              (no amulet)
HPRegen 1.09/turn               g - +4 ring of slaying
MPRegen 0.12/turn               B - +6 ring of dexterity

@: lethally poisoned (-5 -> -28), about to teleport, marked
A: large, unfitting armour, claws 3, regeneration 1, shaggy fur 1, tough skin 1
a: Renounce Religion, Recall Undead Harvest


You were on level 2 of the Lair of Beasts.
You worshipped Yredelemnul.
Yredelemnul was noncommittal.
You visited 2 branches of the dungeon, and saw 13 of its levels.
You also visited: Bailey and Volcano.

You collected 603 gold pieces.

Inventory:

Missiles
 i - 6 javelins
 y - 6 boomerangs
 J - 5 datura-tipped darts
 N - 17 poisoned darts (quivered)
Armour
 a - a +0 robe
 b - a +0 kite shield (worn)
 c - the +2 cloak "Meid" (worn) {Int+4 Dex+2}
   (You found it in a bailey)

   Int:       It affects your intelligence (+4).
   Dex:       It affects your dexterity (+2).
 E - +1 steam dragon scales (worn)
 H - a +1 hat (worn)
Jewellery
 f - a ring of poison resistance
 g - a +4 ring of slaying (left claw)
 k - a ring of ice
 B - a +6 ring of dexterity (right claw)
 G - a ring of magical power
Wands
 d - a wand of roots (14)
 r - a wand of mindburst (23)
 w - a wand of acid (5)
 C - a wand of flame (14)
 F - a wand of digging (3)
 K - a wand of paralysis (3)
Scrolls
 l - 3 scrolls of teleportation
 p - 3 scrolls of amnesia
 u - a scroll of immolation
Potions
 e - 5 potions of curing
 h - 4 potions of attraction
 j - 3 potions of mutation
 m - 3 potions of lignification
 n - 3 potions of heal wounds
 o - 5 potions of magic
 q - 3 potions of haste
 s - 3 potions of invisibility {unknown}
 t - 3 potions of resistance
 v - 3 potions of brilliance
 x - a potion of ambrosia {unknown}
 z - 2 potions of flight
 A - a potion of berserk rage


   Skills:
 + Level 8.0 Fighting
 + Level 8.0 Dodging
 + Level 8.8 Shields
 * Level 12.9 Unarmed Combat


You had 11 spell levels left.
You didn't know any spells.
Your spell library contained the following spells:

 Spells                   Type           Power      Damage    Failure   Level
 Apportation              Tloc           0%         N/A       63%         1
 Necrotise                Necr           0%         1d4       63%         1
 Summon Small Mammal      Summ           0%         N/A       63%         1
 Static Discharge         Conj/Air       0%         3-3/arc   77%         2
 Confusing Touch          Hex            0%         N/A       94%         3
 Conjure Flame            Conj/Fire      0%         6-21      94%         3
 Ignite Poison            Fire/Tmut/Pois 0%         N/A       94%         3
 Portal Projectile        Hex/Tloc       0%         N/A       94%         3
 Tukima's Dance           Hex            0%         N/A       94%         3
 Animate Armour           Summ/Erth      0%         N/A       100%        4
 Dispel Undead            Necr           0%         3d6       100%        4
 Sticky Flame             Conj/Fire      0%         2d3       100%        4
 Alistair's Intoxication  Tmut/Pois      0%         N/A       100%        5
 Blade Hands              Tmut           0%         N/A       100%        5
 Yara's Violent Unravell  Hex/Tmut       0%         3d3       100%        5
 Iron Shot                Conj/Erth      0%         9d1       100%        6
 Enfeeble                 Hex            0%         N/A       100%        7


Dungeon Overview and Level Annotations

Branches:
Dungeon (11/15)            Temple (0/1) D:4            Lair (2/5) D:9
  Swamp (0/4) Lair:2       Bailey (visited)         Volcano (visited)
  Snake: Lair:2-3    Spider: Lair:2-3       Orc: D:9-12

Altars:
Ashenzari
Cheibriados
Fedhas
Hepliaklqana
Kikubaaqudgha
Makhleb
Nemelex Xobeh
Ru
Uskayaw
Vehumet
Wu Jian
Xom
Yredelemnul
Zin
The Shining One

Shops:
D:9 *

Annotations:
D:4 2 transporters, Bigduke14's ghost, amateur DjCj
D:8 1 runed translucent door, apoch's ghost, novice MiBe
D:11 Erolcha


Innate Abilities, Weirdness & Mutations

You are too large for most types of armour.
You have claws for hands.
Your natural rate of healing is unusually fast.
You are covered in fur. (AC +1)
You have tough skin. (AC +1)


Message History

You block the cane toad's attack.
The komodo dragon closely misses your butterfly.
You block the komodo dragon's attack.
The vampire mosquito misses your butterfly.
Your water moccasin zombie barely misses the cane toad.
The wolf bites your butterfly!
Your butterfly dies!
Your butterfly disappears in a burst of colours!
The redback barely misses you. The cane toad misses you.
Your redback zombie barely misses the cane toad.
The cane toad barely misses you.
You feel better.
A wolf comes into view. x2
You block the cane toad's attack. The redback bites you.
You are poisoned.
The redback poisons you!
Your water moccasin zombie bites the cane toad.
The komodo dragon bites you!
Your redback zombie bites the cane toad!
The cane toad closely misses you.
You block the vampire mosquito's attack.
The cane toad barely misses you. The cane toad stings you!
* * * LOW HITPOINT WARNING * * *
As you read the scroll of teleportation, it crumbles to dust.
You feel strangely unstable.
* * * LOW HITPOINT WARNING * * *
You feel extremely sick. The vampire mosquito misses you.
A wolf comes into view.
The redback bites you.
* * * LOW HITPOINT WARNING * * *
Your redback zombie closely misses the cane toad.
Your water moccasin zombie barely misses the cane toad.
You block the cane toad's attack. The komodo dragon bites you!!
* * * LOW HITPOINT WARNING * * *
The komodo dragon bites your redback zombie.
You block the cane toad's attack. The redback misses you.
The vampire mosquito barely misses you. The cane toad stings you!
You die...
Your body rises from the dead as a mindless zombie.

...... ♣♣ ....... ~♣♣♣
...... ♣~~~♣♣ #...♣ ♣~~§§§♣
#...##.#.###.b♣♣§~§§§§~
##....#....##.b.♣§§§§§§~
#...)......##.bb♣≈§§~~~~
#....(....#.FFZb♣
##...~#....##Z@Fb♣
.##...~~...#.#llys.♣♣
....~~~~~~....#.h.bh♣♣♣.♣...
..~~~≈≈~≈≈....b...blh.......
.~~~≈≈~~~~~.................
.~~≈≈~.~~≈≈..........hh.....
..~~≈~<~≈≈~~.#........h..#.#
.~~≈≈..~≈≈~..###.....##.....
~~~≈~~~~≈≈~~.##......# #....


You could see 3 komodo dragons, 3 cane toads, a vampire mosquito, a redback
(ally target), 6 wolves, a friendly water moccasin zombie and a friendly redback
zombie.

Vanquished Creatures
  Gastronok (D:8)
  A hydra (Lair:1)
  Pikel (D:8)
  A cyclops (D:10)
  A black mamba (Lair:1)
  4 elephants
  Joseph (D:8)
  A gargoyle (Bailey)
  Maggie (D:8)
  4 blink frogs (Lair:1)
  2 trolls
  2 hornets
  Prince Ribbit (D:7)
  2 vampires
  2 wraiths (D:10)
  A wyvern (Lair:1)
  3 yaks (Lair:1)
  3 basilisks
  A redback (Lair:2)
  5 vampire mosquitoes
  An acid dragon (D:9)
  Menkaure (D:7)
  6 water moccasins
  3 hell hounds
  2 sky beasts
  An ice beast (D:4)
  An orc warrior (D:6)
  2 black bears
  An ogre (D:5)
  3 wolves (Lair:1)
  2 centaurs
  3 phantoms
  5 kobold brigands
  2 necrophages
  7 bullfrogs
  4 scorpions
  12 wights
  8 vampire bats (Bailey)
  6 wolf zombies (Bailey)
  An electric eel (Lair:2)
  4 howler monkeys
  13 orc priests
  Crazy Yiuf (D:3)
  2 hounds
  3 gnoll boudas
  Ijyb (D:3)
  3 iguanas
  20 orc wizards
  18 gnolls
  9 adders
  A shadow imp (D:6)
  An ufetubus (D:6)
  3 worms
  A dart slug (D:5)
  47 orcs
  3 bats
  5 endoplasms
  2 giant cockroaches (D:1)
  2 goblins (D:3)
  3 hobgoblins
  4 jackals (D:1)
  24 kobolds
  4 quokkas
  11 ball pythons
  2 frilled lizards
  27 orc zombies
  3 rats
326 creatures vanquished.

Vanquished Creatures (collateral kills)
  An elephant (Lair:2)
  3 vampire mosquitoes (Lair:2)
  2 water moccasins
  5 bullfrogs (Lair:1)
  A scorpion (D:4)
  A gnoll bouda (D:8)
  A statue (D:5)
  4 gnolls
  A ball python (D:3)
  3 kobolds (D:7)
22 creatures vanquished.

Vanquished Creatures (others)
  A blink frog zombie (Lair:1)
  3 human zombies
  An elephant zombie (Lair:2)
  2 vampire mosquito zombies (Lair:2)
  A hell hound zombie (Volcano)
  A water moccasin zombie (Lair:1)
  A wolf zombie (Lair:1)
  5 bullfrog zombies
  A black bear zombie (Lair:2)
  A centaur zombie (D:8)
  2 basilisk zombies (Lair:2)
  A scorpion zombie (D:4)
  2 sky beast zombies
  2 howler monkey zombies
  An adder zombie (D:4)
  4 gnoll zombies
  2 ball python zombies (D:4)
  2 hobgoblin zombies
  7 kobold zombies
  16 orc zombies
  4 fungi
  22 plants
82 creatures vanquished.

Grand Total: 430 creatures vanquished

Notes
Turn   | Place    | Note
-------+----------+-------------------------------------------
     0 | D:1      | snarfax the Troll Fighter began the quest for the Orb.
     0 | D:1      | Reached XP level 1. HP: 22/22 MP: 0/0
   348 | D:1      | Reached XP level 2. HP: 29/29 MP: 1/1
   695 | D:2      | Reached XP level 3. HP: 31/36 MP: 2/2
  1305 | D:2      | Reached skill level 3 in Unarmed Combat
  1331 | D:2      | Reached XP level 4. HP: 40/44 MP: 3/3
  1579 | D:3      | Found a basalt altar of Yredelemnul.
  1586 | D:3      | Became a worshipper of Yredelemnul the Dark
  1653 | D:3      | Found a glowing silver altar of Zin.
  1705 | D:3      | Noticed Ijyb
  1712 | D:3      | Killed Ijyb
  1712 | D:3      | Reached * piety under Yredelemnul
  1857 | D:3      | Reached ** piety under Yredelemnul
  1880 | D:3      | Found a runed translucent door.
  1881 | D:3      | Noticed Crazy Yiuf
  1886 | D:3      | Killed Crazy Yiuf
  1887 | D:3      | Reached XP level 5. HP: 53/53 MP: 4/4
  2133 | D:4      | Noticed an ice beast
  2140 | D:4      | Killed an ice beast
  2141 | D:4      | Reached skill level 4 in Unarmed Combat
  2141 | D:4      | Reached XP level 6. HP: 51/61 MP: 5/5
  2344 | D:4      | Found a transporter.
  2354 | D:4      | Found a snail-covered altar of Cheibriados.
  2518 | D:4      | Noticed Bigduke14's ghost (amateur DjCj)
  2520 | D:4      | Identified the +8 giant spiked club "Lusutt" {vorpal, MP+9
                  | Int+6}
  2695 | D:4      | Found a staircase to the Ecumenical Temple.
  2716 | D:4      | Noticed a water moccasin
  2737 | D:4      | Killed a water moccasin
  2738 | D:4      | Reached skill level 5 in Unarmed Combat
  2738 | D:4      | Reached XP level 7. HP: 68/68 MP: 6/6
  3009 | D:4      | Found a transporter.
  3023 | D:5      | Entered Level 5 of the Dungeon
  3124 | D:5      | Found an ornate altar of the Wu Jian Council.
  3306 | D:5      | Reached skill level 6 in Unarmed Combat
  3388 | D:5      | Reached XP level 8. HP: 63/78 MP: 7/7
  3557 | D:5      | Found a radiant altar of Vehumet.
  3619 | D:5      | Found a hazy altar of Hepliaklqana.
  3763 | D:5      | Reached skill level 5 in Shields
  3915 | D:5      | Reached *** piety under Yredelemnul
  3994 | D:6      | Reached skill level 7 in Unarmed Combat
  4419 | D:6      | Reached skill level 5 in Dodging
  4420 | D:6      | Reached XP level 9. HP: 86/87 MP: 8/8
  4425 | D:6      | Reached skill level 5 in Fighting
  4677 | D:6      | Reached skill level 8 in Unarmed Combat
  4815 | D:6      | Found a shimmering altar of Xom.
  4819 | D:6      | Found an ancient bone altar of Kikubaaqudgha.
  5388 | D:7      | Found a sparkling altar of Nemelex Xobeh.
  5500 | D:7      | Found a blossoming altar of Fedhas.
  5602 | D:7      | Noticed Prince Ribbit
  5610 | D:7      | Killed Prince Ribbit
  5641 | D:7      | Reached skill level 9 in Unarmed Combat
  5641 | D:7      | Your ally Prince Ribbit died
  5802 | D:7      | Noticed Menkaure
  5807 | D:7      | Killed Menkaure
  5812 | D:7      | Found a sacrificial altar of Ru.
  5822 | D:7      | Found a broken altar of Ashenzari.
  5873 | D:8      | Found a flagged portal.
  5882 | Bailey   | Entered a bailey
  6055 | Bailey   | Reached XP level 10. HP: 96/98 MP: 9/9
  6174 | Bailey   | Identified the +2 cloak "Meid" {Int+4 Dex+2}
  6176 | Bailey   | Identified the +1 ring mail "Myulim Zavve" {rElec rCorr
                  | Dex+3}
  6272 | Bailey   | Noticed a gargoyle
  6281 | Bailey   | Killed a gargoyle
  6418 | D:8      | Noticed Pikel
  6436 | D:8      | Killed Pikel
  6437 | D:8      | Reached skill level 10 in Unarmed Combat
  6490 | D:8      | Noticed Maggie
  6496 | D:8      | Killed Maggie
  6620 | D:8      | Found a burning altar of Makhleb.
  6673 | D:8      | Noticed Joseph
  6690 | D:8      | Killed Joseph
  6757 | D:8      | Found a runed translucent door.
  6757 | D:8      | Found a shimmering altar of Xom.
  6757 | D:8      | Noticed apoch's ghost (novice MiBe)
  6757 | D:8      | Noticed a +0 mace of chaos
  6860 | D:8      | Noticed Gastronok
  6872 | D:8      | Killed Gastronok
  6925 | D:8      | Your ally Pikel died
  6927 | D:8      | Your ally Maggie died
  6936 | D:8      | Your ally Joseph died
  6940 | D:8      | Paralysed by a hornet for 2 turns
  6945 | D:8      | Paralysed by a hornet for 3 turns
  7167 | D:8      | Reached skill level 11 in Unarmed Combat
  7199 | D:8      | Found a glowing golden altar of the Shining One.
  7204 | D:8      | Reached XP level 11. HP: 107/107 MP: 10/10
  7634 | D:9      | Found a hide-covered altar of Uskayaw.
  7887 | D:9      | Found Defauwk's Demolitions Depot.
  8100 | D:9      | Found a staircase to the Lair.
  8338 | D:10     | Entered Level 10 of the Dungeon
  9616 | D:11     | Noticed Erolcha
  9774 | Lair:1   | Entered Level 1 of the Lair of Beasts
  9774 | Lair:1   | Noticed a four-headed hydra
  9835 | Lair:1   | Killed a six-headed hydra
  9836 | Lair:1   | Reached skill level 12 in Unarmed Combat
 10265 | Lair:1   | Found a dark tunnel.
 10273 | Volcano  | Entered a volcano
 10290 | Volcano  | Noticed a two-headed ogre
 10756 | Lair:2   | Reached XP level 12. HP: 64/119 MP: 11/11
 10834 | Lair:2   | Found a staircase to the Swamp.
 10868 | Lair:2   | HP: 3/119 [komodo dragon (21)]
 10868 | Lair:2   | Slain by a cane toad

Illustrated notes

Levels and vault maps discovered:
D:1:      heliophobic_arrival_enchanted_forest, layout_loops_ring
D:2:      layout_basic, serial_forest, infiniplex_forest_straight_3,
          infiniplex_forest_clump_C, infiniplex_forest_corner_2,
          infiniplex_forest_corner_2, infiniplex_forest_lined_room_2,
          nrook_campfire, nicolae_grassy_gnolls
D:3:      layout_loops_cross, mainiacjoe_overflow_small_starburst,
          mainiacjoe_overflow_concentric_impassable, uniq_ijyb,
          uniq_crazy_yiuf_cottage
D:4:      layout_loops_cross, mainiacjoe_overflow_catwalk,
          minmay_temple_entry_overgrown, gammafunk_ghost_smash,
          hangedman_abyss_or_decor_stabs, wad_orctagon
D:5:      layout_basic, nzn_wu_jian_contemplation, kennysheep_little_box,
          vehumet_statue
D:6:      cheibrodos_thug_alley, layout_loops_ring,
          gammafunk_temple_overflow_statue, kennysheep_nondescript
D:7:      layout_rooms, mainiacjoe_overflow_paths, lemuel_tele_altar,
          amethyst_overflow_temple_binary, minmay_misc_feat_tower,
          uniq_prince_ribbit1, uniq_menkaure
D:8:      layout_loops_corners, lemuel_crystal_altar,
          mainiacjoe_overflow_chevrons, ebering_ghost_xom, enter_bailey_6,
          uniq_pikel, uniq_joseph, uniq_gastronok, uniq_maggie
D:9:      layout_cave_pools, mainiacjoe_overflow_tiny_flanked, lair_entry_dummy,
          nicolae_blasting_shop
D:10:     layout_basic
D:11:     minmay_octagon_keep, layout_loops_ring, orc_david_3, uniq_erolcha
Lair:1:   layout_hall_layers, enter_volcano_3
Lair:2:   layout_regular_city, minmay_swamp_entry_swarm,
          spider_nest_entry_funnel_web, grunt_megastairs_1,
          infiniplex_staircase_pool_2

Skill      XL: |  1  2  3  4  5  6  7  8  9 10 11 12 |
---------------+-------------------------------------+-----
Shields        | 3 4 5 6 7 8 |  8.8
Unarmed Combat | 3 4 5 6 7 9 11 12 | 12.9
Fighting       | 3 4 5 6 7 8 |  8.0
Dodging        | 3 4 5 6 7 8 |  8.0

Action                   |  1- 3 |  4- 6 |  7- 9 | 10-12 || total
-------------------------+-------+-------+-------+-------++-------
Melee: Unarmed           |    57 |    84 |   338 |   360 ||   839
Throw: Javelin           |     1 |     2 |       |     2 ||     5
       Dart              |       |       |       |     4 ||     4
  Use: Scroll            |     3 |     2 |     4 |    12 ||    21
       Potion            |       |       |     3 |     9 ||    12
 Stab: Sleeping          |       |       |     2 |     3 ||     5
       Distracted        |       |       |       |     2 ||     2
Armor: Robe              |    11 |    20 |    86 |    21 ||   138
       Steam dragon scal |       |       |       |   118 ||   118
Dodge: Dodged            |    15 |    21 |   108 |   195 ||   339
Block: Kite shield       |    15 |    26 |   119 |   211 ||   371
